 Dungeon Crawl Stone Soup version 0.27-a0-1188-g73eefd5def (webtiles) character file.

Game seed: 14617742281841159948

5 flotson the Covert (level 1, 0/21 (23) HPs)
             Began as a Gnoll Delver on May 20, 2021.
             Slain by a wight
             ... wielding a +0 falchion
              (7 damage)
             ... on level 3 of the Dungeon.
             The game lasted 00:00:44 (234 turns).

flotson the Covert (Gnoll Delver)                    Turns: 234, Time: 00:00:44

HP:   0/21 (23)     AC:  5    Str: 11    XL:     1   Next: 80%
MP:   1/1           EV: 11    Int:  9    God:
Gold: 49            SH:  0    Dex: 13    Spells: 0/0 levels left

rFire    . . .     SeeInvis .   a - +0 spear
rCold    . . .     Faith    .   (no shield)
rNeg     . . .     Spirit   .   h - +0 ring mail
rPois    .         Reflect  .   (no helmet)
rElec    .         Harm     .   (no cloak)
rCorr    .         Rampage  .   (no gloves)
Will     .....                  (no boots)
Stlth    +++.......             (no amulet)
HPRegen  0.07/turn              (no ring)
MPRegen  0.07/turn              (no ring)

@: hasted, drained, very quick
A: fangs 1, strong nose, distributed training
a: no special abilities


You were on level 3 of the Dungeon.
You visited 1 branch of the dungeon, and saw 3 of its levels.

You collected 49 gold pieces.

Inventory:

Hand Weapons
 a - a +0 spear (weapon)
 b - a +0 hunting sling
Armour
 h - a +0 ring mail (worn)
Wands
 g - a wand of digging (8)
Scrolls
 c - a scroll of fog
 d - a scroll of magic mapping
 e - a scroll of fear


   Skills:
 + Level 6.4 Fighting
 + Level 0.1 Short Blades
 + Level 0.1 Long Blades
 + Level 0.1 Axes
 + Level 0.1 Maces & Flails
 + Level 4.4 Polearms
 + Level 0.1 Staves
 + Level 0.1 Slings
 + Level 0.1 Bows
 + Level 0.1 Crossbows
 + Level 0.1 Throwing
 + Level 0.1 Armour
 + Level 4.4 Dodging
 + Level 9.5 Stealth
 + Level 0.1 Shields
 + Level 0.1 Unarmed Combat
 + Level 0.1 Spellcasting
 + Level 0.1 Conjurations
 + Level 0.1 Hexes
 + Level 0.1 Summonings
 + Level 0.1 Necromancy
 + Level 0.1 Translocations
 + Level 0.1 Transmutations
 + Level 0.1 Fire Magic
 + Level 0.1 Ice Magic
 + Level 0.1 Air Magic
 + Level 0.1 Earth Magic
 + Level 0.1 Poison Magic
 + Level 0.2 Invocations
 + Level 0.1 Evocations


You couldn't memorise any spells.
You didn't know any spells.
Your spell library contained the following spells:

 Spells                   Type           Power      Damage    Failure   Level
 Sandblast                Erth           0%         2d4       67%         1
 Passwall                 Tmut/Erth      0%         N/A       82%         2
 Stone Arrow              Conj/Erth      0%         3d7       96%         3
 Petrify                  Tmut/Erth      0%         N/A       100%        4
 Lee's Rapid Deconstruct  Erth           0%         3d5*      100%        5


Dungeon Overview and Level Annotations

Branches:
Dungeon (5/15)
 Temple: D:4-7

Altars:


Innate Abilities, Weirdness & Mutations

You have very sharp teeth.
Your uncanny sense of smell can sniff out nearby items.
Your experience applies equally to all skills.


Message History

You finish putting on your +0 ring mail.
Drop what? 8/52 slots (_ for help) (? for menu, Esc to quit)
You drop a +0 leather armour.
Found a hunting sling.
You now have 49 gold pieces (gained 8).
A hound skeleton comes into view.
Found a robe.
Found an escape hatch in the floor.
You see here a +0 hunting sling.
b - a +0 hunting sling A hound skeleton is nearby!
A wight comes into view. It is wielding a +3 scimitar.
A wight comes into view. It is wielding a +0 falchion.
A wight comes into view.
It is wielding a +2 trident of freezing.
Found a scroll labelled VIOCYZYABBO.
The wight hits you from afar with a +2 trident of freezing.
You feel drained. The wight freezes you.
You barely miss the wight. You barely miss the wight.
Your bite misses the wight. The hound skeleton bites you.
The wight closely misses you.
The wight hits you from afar with a +2 trident of freezing.
The wight freezes you.
You are too injured to fight recklessly!
You are too injured to fight recklessly!
Found a plate armour.
There is an escape hatch in the ceiling here.
The wight hits you with a +0 falchion.
* * * LOW HITPOINT WARNING * * *
You feel drained. A mysterious force pulls you upwards.
The hatch slams shut behind you.
You feel yourself speed up. The wight closely misses you.
You hit the wight but do no damage. The wight closely misses you.
You closely miss the wight. You closely miss the wight.
The wight barely misses you.
You hit the wight.
The wight is lightly damaged.
You barely miss the wight. You bite the wight, but do no damage.
The wight is lightly damaged.
The wight hits you with a +0 falchion!
You die...

### ..#
#.# #.#
#.# #.#
#.# #@#
#z#
##.##
#...#
#...#.#
#..#.##
#.# #
#. #.


You could see a wight.

Vanquished Creatures
  A dart slug (D:4)
  A hobgoblin (D:4)
  A kobold (D:4)
3 creatures vanquished.

Notes
Turn   | Place    | Note
-------+----------+-------------------------------------------
     0 | D:5      | Reached skill level 9 in Stealth
     0 | D:5      | flotson the Gnoll Delver began the quest for the Orb.
     0 | D:5      | Reached XP level 1. HP: 23/23 MP: 1/1
   119 | D:4      | Noticed a scorpion
   192 | D:4      | Noticed a wight
   193 | D:4      | Noticed a wight
   195 | D:4      | Noticed a wight
   234 | D:3      | Slain by a wight

Illustrated notes

Levels and vault maps discovered:
D:3:      kennysheep_goblin_castle, layout_loops_ring, serial_rivers,
          chequers_serial_rivers_micro_a, chequers_serial_rivers_room_a,
          chequers_serial_rivers_micro_c, chequers_serial_rivers_room_a,
          minmay_misc_feat_rugged
D:4:      layout_cave_pools, kennysheep_mini_moat, minmay_temple_entry_offerings
D:5:      layout_cave_pods, zin_purify, uniq_blork_the_orc

Skill      XL: | |
---------------+-+-----
Stealth        | |  9.5
Fighting       | |  6.4
Short Blades   | |  0.1
Long Blades    | |  0.1
Axes           | |  0.1
Maces & Flails | |  0.1
Polearms       | |  4.4
Staves         | |  0.1
Slings         | |  0.1
Bows           | |  0.1
Crossbows      | |  0.1
Throwing       | |  0.1
Armour         | |  0.1
Dodging        | |  4.4
Shields        | |  0.1
Unarmed Combat | |  0.1
Spellcasting   | |  0.1
Conjurations   | |  0.1
Hexes          | |  0.1
Summonings     | |  0.1
Necromancy     | |  0.1
Translocations | |  0.1
Transmutations | |  0.1
Fire Magic     | |  0.1
Ice Magic      | |  0.1
Air Magic      | |  0.1
Earth Magic    | |  0.1
Poison Magic   | |  0.1
Invocations    | |  0.2
Evocations     | |  0.1

Action                   || total
-------------------------++-------
Melee: Spear             ||    15
       Bite              ||     1
  Use: Potion            ||     1
 Stab: Sleeping          ||     1
Dodge: Dodged            ||     6

Table legend: (Time is in decaauts)
 A = Elapsed time spent in this place.
 B = Non-inter-level travel time spent in this place.
 C = Inter-level travel time spent in this place.
 D = Time resting spent in this place.
 E = Time spent auto-exploring this place.
 F = Levels seen in this place.
 G = Mean time per level.
                   A        B        C        D        E       F      G
               +--------+--------+--------+--------+--------+-----+--------+
         Total |    230 |    203 |     27 |      0 |    107 |   3 |   76.7 |
       Dungeon |    230 |    203 |     27 |      0 |    107 |   3 |   76.7 |
               +--------+--------+--------+--------+--------+-----+--------+

Top non-repeatable levels by time:
     D:4: 118 daAuts
     D:5: 105 daAuts
     D:3: 7 daAuts
